 Dungeon Crawl Stone Soup version 0.16.1-2-g95b8d4c (webtiles) character file.

7 Antunes the Charlatan (level 1, -2/9 HPs)
             Began as a Spriggan Artificer on Mar 24, 2015.
             Slain by a hobgoblin
             ... wielding a +0 club
              (6 damage)
             ... on level 1 of the Dungeon.
             The game lasted 00:05:50 (628 turns).

Antunes the Charlatan (Spriggan Artificer)           Turns: 628, Time: 00:05:50

Health: -2/9       AC:  2    Str:  7    XL:     1   Next: 91%
Magic:  2/2        EV: 18    Int: 13    God:
Gold:   33         SH:  0    Dex: 16    Spells: 0 memorised, 1 level left

rFire  . . .     SeeInvis +     k - +0 short sword
rCold  . . .     Clarity  .     e - +0 robe
rNeg   . . .     SustAb   .     (shield restricted)
rPois  .         Gourm    .     (helmet restricted)
rElec  .         Spirit   .     (no cloak)
rCorr  .         Warding  .     (gloves unavailable)
rMut   .         Stasis   .     (boots unavailable)
MR     .....                    (no amulet)
Stlth  ++........               (no ring)
                                (no ring)

@: very quick, not resistant to hostile enchantments, unstealthy
A: unfitting armour, see invisible, herbivore 3, speed 3, slow metabolism 2
a: no special abilities


You were on level 1 of the Dungeon.
You were not hungry.

You visited 1 branch of the dungeon, and saw 3 of its levels.

You collected 33 gold pieces.


Innate Abilities, Weirdness & Mutations

You are tiny and cannot use many weapons and most armour.
You have supernaturally acute eyesight.
You are a herbivore.
You cover ground extremely quickly.
You need consume almost no food.


   Skills:
 + Level 0.7 Fighting
 * Level 1.1 Short Blades
 + Level 3.1 Dodging
 * Level 1.7 Stealth
 * Level 0.5 Spellcasting
 + Level 4.5 Evocations


You had one spell level left.
You didn't know any spells.

Dungeon Overview and Level Annotations

Branches:
Dungeon (3/15)

Altars:
Okawaru
Trog

Inventory:

Hand weapons
 a - a +0 short sword
 k - a +0 short sword (weapon)
   (You took it off a kobold on level 3 of the Dungeon)
 o - a +0 dagger
   (You took it off a goblin on level 1 of the Dungeon)
Missiles
 g - 42 stones (quivered)
Armour
 e - a +0 robe (worn)
Magical devices
 b - a wand of flame (15)
 c - a wand of enslavement (15)
 d - a wand of random effects (15)
Scrolls
 l - a scroll of recharging {unknown}
Potions
 h - a potion of heal wounds {unknown}
 i - a potion of magic {unknown}
 j - a potion of lignification {unknown}
 m - a potion of brilliance {unknown}
 n - a potion of invisibility {unknown}
Comestibles
 f - a bread ration

...+ ..# ##.. ...
...... ... .......
#.####.#..... #####
#.##.#.#.##.....
#...###.#..#.........g
#.#..##.#............#
#.>..@g...............
##.#.##.#........#..##
#.#.##.###...........
###.#.##.#...#...##...#
#......#...#...#......#
#........###......#####
#....##### #......###.#
#....# #......'...'
#....# #.g....###.'


You could see a hobgoblin.


Message History

The goblin hits you with a dagger.
You hit the goblin.
You kill the goblin!
You see here a dagger.
o - a dagger You hit the hobgoblin.
The hobgoblin is severely wounded.
The hobgoblin barely misses you.
You hit the hobgoblin but do no damage.
The hobgoblin is severely wounded.
You hit the hobgoblin but do no damage.
The hobgoblin is heavily wounded.
The hobgoblin closely misses you.
The hobgoblin hits you but does no damage.
The hobgoblin hits you with a club. The hobgoblin misses you.
You hit the hobgoblin.
You kill the hobgoblin!
The hobgoblin misses you.
You closely miss the hobgoblin.
The hobgoblin is heavily wounded.
You barely miss the hobgoblin.
The hobgoblin is heavily wounded.
The hobgoblin hits you but does no damage.
You hit the hobgoblin but do no damage.
The hobgoblin is heavily wounded.
The hobgoblin misses you.
You hit the hobgoblin but do no damage.
The hobgoblin is heavily wounded.
The hobgoblin completely misses you.
You hit the hobgoblin but do no damage.
The hobgoblin is heavily wounded.
The hobgoblin completely misses you.
You completely miss the hobgoblin.
The hobgoblin is heavily wounded.
The hobgoblin hits you with a club.
You hit the hobgoblin but do no damage.
The hobgoblin is heavily wounded.
The hobgoblin hits you with a club.
You closely miss the hobgoblin.
The hobgoblin is heavily wounded.
The hobgoblin misses you.
You hit the hobgoblin.
The hobgoblin is severely wounded.
The hobgoblin completely misses you.
You hit the hobgoblin.
The hobgoblin is almost dead.
The hobgoblin hits you with a club.
Ouch! That really hurt!
You die...

Action                   || total
-------------------------++-------
Melee: Short sword       ||    32
 Stab: Sleeping          ||     1

Vault maps used:
D:1:      saegor_arrival_simple_e, minmay_misc_feat_more_columns,
          lexackson_kobold_supper
D:2:      kennysheep_doodads
D:3:      lemuel_crystal_altar, okawaru_altar_gauntlet_db

Notes
Turn   | Place    | Note
--------------------------------------------------------------
     0 | D:1      | Antunes, the Spriggan Artificer, began the quest for the Orb.
     0 | D:1      | Reached XP level 1. HP: 9/9 MP: 2/2
   317 | D:3      | Noticed a scorpion
   321 | D:3      | Found an iron altar of Okawaru.
   348 | D:3      | Found a bloodstained altar of Trog.
   628 | D:1      | Slain by a hobgoblin

Vanquished Creatures
  A hobgoblin (D:1)
  3 giant cockroaches (D:1 D:2)
  A goblin (D:1)
  2 kobolds (D:3 D:2)
  A rat (D:2)
8 creatures vanquished.

Vault maps used:
D:1:      saegor_arrival_simple_e, minmay_misc_feat_more_columns,
          lexackson_kobold_supper
D:2:      kennysheep_doodads
D:3:      lemuel_crystal_altar, okawaru_altar_gauntlet_db

Table legend:
 A = Turns spent in this place as a percentage of turns spent in the entire game.
 B = Non-inter-level travel turns spent in this place as a percentage of non-inter-level travel turns spent in the entire game.
 C = Inter-level travel turns spent in this place as a percentage of turns spent in this place.
 D = Turns resting spent in this place as a percentage of non-inter-level travel turns spent in this place.
 E = Turns spent auto-exploring this place as a percentage of non-inter-level travel turns spent in this place.
 F = Non-inter-level travel turns spent in this place divided by the number of levels of this place that you've seen.
                   A       B       C       D       E      F
               +-------+-------+-------+-------+-------+----------------------
         Total | 100.0 | 100.0 |   0.0 |   0.0 |   0.5 | 190.3
       Dungeon | 100.0 | 100.0 |   0.0 |   0.0 |   0.5 | 190.3
               +-------+-------+-------+-------+-------+----------------------

Table legend:
 A = Kills in this place as a percentage of kills in entire the game.
 B = Kills by you in this place as a percentage of kills by you in the entire game.
 C = Kills by friends in this place as a percentage of kills by friends in the entire game.
 D = Other kills in this place as a percentage of other kills in the entire game.
 E = Experience gained in this place as a percentage of experience gained in the entire game.
 F = Experience gained in this place divided by the number of levels of this place that you have seen.
                   A       B       C       D       E      F
               +-------+-------+-------+-------+-------+----------------------
         Total | 100.0 | 100.0 |  -nan |  -nan | 100.0 |   3.7
       Dungeon | 100.0 | 100.0 |  -nan |  -nan | 100.0 |   3.7
               +-------+-------+-------+-------+-------+----------------------
